 Dungeon Crawl Stone Soup version 0.32-a0-918-g0f22ef8d61 (webtiles) character file.

Game seed: 688253698045222028

885 innerfire43 the Trooper (level 7, -7/82 HPs)
             Began as a Demonspawn Monk on Apr 10, 2024.
             Mangled by Menkaure (13 damage)
             ... on level 5 of the Dungeon.
             The game lasted 00:08:29 (5443 turns).

innerfire43 the Trooper (Demonspawn Monk)           Turns: 5443, Time: 00:08:30

Health: -7/82      AC: 12    Str: 13    XL:     7   Next: 76%
Magic:  7/7        EV: 11    Int: 10    God:
Gold:   222        SH:  0    Dex: 16    Spells: 6/6 levels left

rFire   . . .        i - +3 mace (holy)
rCold   + . .        d - orb {light}
rNeg    . . .        o - +0 ring mail
rPois   .            m - +1 helmet
rElec   .            j - +0 cloak
rCorr   .            g - +0 pair of gloves
SInv    .            v - +0 pair of boots
Will    .....        (no amulet) Stlth
                     n - ring of protection from cold
HPRegen 0.33/turn    (no ring)
MPRegen 0.10/turn

%: no passive effects
@: berserking, glowing, very quick
A: hooves 2, sturdy frame 1
a: no special abilities


You were on level 5 of the Dungeon.
You visited 1 branch of the dungeon, and saw 5 of its levels.
You also visited: Sewer.

You collected 222 gold pieces.

Inventory:

Hand Weapons
 a - a +0 hand axe
 i - a +3 mace of holy wrath (weapon)
Armour
 b - a +0 robe
 d - an orb of light (worn)
 g - a +0 pair of gloves (worn)
 j - a +0 cloak (worn)
 m - a +1 helmet (worn)
 o - a +0 ring mail (worn)
 v - a +0 pair of boots (worn)
Jewellery
 n - a ring of protection from cold (left hand)
Wands
 l - a wand of roots (4)
 q - a wand of polymorph (9)
 t - a wand of digging (4)
Scrolls
 f - 4 scrolls of teleportation
 h - a scroll of enchant armour
 k - a scroll of fog
 r - a scroll of fear
 u - 2 scrolls of immolation
 w - a scroll of poison
 y - a scroll of noise
Potions
 c - a potion of ambrosia
 e - 4 potions of enlightenment


   Skills:
 + Level 4.9 Fighting
 - Level 2.9(4.2) Axes
 * Level 4.6(5.1) Maces & Flails
 * Level 4.9 Armour
 - Level 2.7 Dodging


You had 6 spell levels left.
You didn't know any spells.
Your spell library contained the following spells:

 Spells                   Type           Power      Damage    Failure   Level
 Frozen Ramparts          Ice            0%         1d1       85%         3
 Ozocubu's Armour         Ice            0%         N/A       85%         3
 Metabolic Englaciation   Hex/Ice        0%         N/A       100%        5


Dungeon Overview and Level Annotations

Branches:
Dungeon (5/15)              Sewer (visited)
 Temple: D:4-7

Altars:
Kikubaaqudgha
Sif Muna
Trog
Vehumet
Yredelemnul

Shops:
D:1 =

Annotations:
D:5 1 transporter, Menkaure


Innate Abilities, Weirdness & Mutations

You have hoof-like feet.
Your movements are slightly less encumbered by armour. (ER -2)


Message History

Your life force is offered up.
The burial acolyte is healed.
The water moccasin zombie is healed.
You hit the water moccasin zombie.
The water moccasin zombie is moderately damaged.
The water moccasin zombie bites you but does no damage.
Menkaure hits you. The burial acolyte closely misses you.
The water moccasin zombie barely misses you.
You hit the water moccasin zombie.
The water moccasin zombie is moderately damaged.
Menkaure hits you but does no damage.
The water moccasin zombie bites you but does no damage.
The burial acolyte utters a dark prayer and points at you.
Your life force is offered up.
The burial acolyte is healed.
The water moccasin zombie is healed.
You thump the water moccasin zombie!
The water moccasin zombie is heavily damaged.
The water moccasin zombie bites you but does no damage.
Menkaure hits you!
* * * LOW HITPOINT WARNING * * *
The burial acolyte hits you with a +0 dagger.
* * * LOW HITPOINT WARNING * * *
You feel much better.
The water moccasin zombie bites you but does no damage.
The burial acolyte recites a funeral chant.
The water moccasin zombie is empowered.
Menkaure is empowered.
Menkaure mumbles some strange words.
Menkaure seems to speed up.
The water moccasin zombie bites you but does no damage.
It was a potion of berserk rage.
A red film seems to cover your vision as you go berserk!
You feel yourself moving faster!
You feel mighty! Menkaure hits you!!
* * * LOW HITPOINT WARNING * * *
The burial acolyte hits you with a +0 dagger.
* * * LOW HITPOINT WARNING * * *
The water moccasin zombie bites you!
* * * LOW HITPOINT WARNING * * *
You sock the water moccasin zombie!
The water moccasin zombie is severely damaged.
Menkaure hits you!
You die...

# #################
#...............# ####
#.#############.# ...#
#.#...........#.#
...####.#[..........#.#
.....#..#$.###.###..#.#
.#......#_.#ß#.#ß#..#.##
........#).......p..#..##
...#...©#⌠....©.@Z..#©..#
...#.#.)#}.......M..#...#
#.##.##.#_.#ß#.#ß#..#...#
.....##.#$.###.###..#..##
#.#####.#[..........#..#
#.# ##.#..........©#..#
#.# #.†#############..#
#.####.................#
#..........#####.#####.#


You could see Menkaure (fast, strong, swift), a burial acolyte and a water
moccasin zombie (strong, swift).

Vanquished Creatures
  A black bear (D:5)
  An ogre (D:5)
  A phantom (D:4)
  A kobold brigand (Sewer)
  A jelly (D:4)
  A hound (D:5)
  A sleepcap (D:5)
  2 iguanas
  Ijyb (D:3)
  An orc wizard (D:3)
  Natasha (twice) (D:2)
  Robin (D:3)
  7 gnolls (D:5)
  11 adders
  A river rat (Sewer)
  2 dart slugs
  A ribbon worm (D:4)
  9 orcs
  13 ball pythons
  4 bats
  4 endoplasms
  5 giant cockroaches
  10 hobgoblins
  11 jackals
  10 kobolds
  7 quokkas
  3 frilled lizards
  10 goblins
  9 rats
131 creatures vanquished.

Notes
Turn   | Place    | Note
-------+----------+-------------------------------------------
     0 | D:1      | innerfire43 the Demonspawn Monk began the quest for the
                  | Orb.
     0 | D:1      | Reached XP level 1. HP: 18/18 MP: 1/1
   183 | D:1      | Gained mutation: You have large cloven feet. [demonic
                  | ancestry]
   183 | D:1      | Reached XP level 2. HP: 4/24 MP: 2/2
   414 | D:1      | Found Huparyuh's Jewellery Shop.
   526 | D:1      | Reached skill level 1 in Armour
   948 | D:2      | Gained mutation: Your movements are slightly less
                  | encumbered by armour. (ER -2) [demonic ancestry]
   948 | D:2      | Reached XP level 3. HP: 15/29 MP: 3/3
  1173 | D:2      | Found a radiant altar of Vehumet.
  1272 | D:2      | Noticed Natasha
  1280 | D:2      | Killed Natasha
  1281 | D:2      | Reached skill level 1 in Maces & Flails
  1281 | D:2      | Gained mutation: You have hoof-like feet. [demonic
                  | ancestry]
  1281 | D:2      | Reached XP level 4. HP: 22/35 MP: 4/4
  1284 | D:2      | Noticed Natasha
  1288 | D:2      | Killed Natasha
  1699 | D:3      | Reached XP level 5. HP: 27/42 MP: 5/5
  1898 | D:3      | Noticed Robin
  1907 | D:3      | Killed Robin
  2020 | D:3      | Noticed Ijyb
  2032 | D:3      | Killed Ijyb
  2750 | D:4      | Reached XP level 6. HP: 35/48 MP: 6/6
  2812 | D:4      | You fall into a shaft and drop 1 floor!
  2812 | D:5      | Entered Level 5 of the Dungeon
  3053 | D:4      | Found a glowing drain.
  3106 | Sewer    | Entered a sewer
  3538 | D:4      | Found a bloodstained altar of Trog.
  3648 | D:4      | Reached XP level 7. HP: 13/55 MP: 7/7
  4598 | D:5      | Found a shimmering blue altar of Sif Muna.
  4714 | D:5      | HP: 2/55 [gnoll/+0 spear (2)]
  4927 | D:5      | Found a basalt altar of Yredelemnul.
  4927 | D:5      | Found an ancient bone altar of Kikubaaqudgha.
  4928 | D:5      | Noticed Menkaure
  5006 | D:5      | Found a transporter.
  5008 | D:5      | Found a transporter.
  5443 | D:5      | Mangled by Menkaure

Illustrated notes

Levels and vault maps discovered:
D:1:      giann_horns, layout_basic, serial_shops, nicolae_shop_gaudy_bauble
D:2:      layout_basic, basic_altar, minivault_27, uniq_natasha
D:3:      layout_basic, uniq_ijyb, uniq_robin
D:4:      layout_gridville, trog_butcher_becter,
          mainiacjoe_sewer_entry_somewhere_in_here_2
D:5:      layout_loops_cross, gammafunk_temple_of_torment, lemuel_doored_altar

Skill      XL: |  1  2  3  4  5  6  7 |
---------------+----------------------+-----
Armour         | 1 2 3 4 |  4.9
Maces & Flails | 1 2 3 4 |  4.6
Fighting       | 4 |  4.9
Axes           | |  2.9
Dodging        | |  2.7

Action                     |  1- 3 |  4- 6 |  7- 9 || total
---------------------------+-------+-------+-------++-------
  Melee: Hand axe          |    44 |       |       ||    44
         Kick              |    17 |    59 |    15 ||    91
         Mace              |    30 |   199 |    90 ||   319
    Use: Scroll            |       |     5 |     5 ||    10
         Potion            |       |     1 |     3 ||     4
 Armour: Robe              |    52 |    58 |       ||   110
         Ring mail         |       |   102 |   106 ||   208
  Dodge: Dodged            |    55 |   136 |    69 ||   260

Table legend: (Time is in decaauts)
 A = Elapsed time spent in this place.
 B = Non-inter-level travel time spent in this place.
 C = Inter-level travel time spent in this place.
 D = Time resting spent in this place.
 E = Time spent auto-exploring this place.
 F = Levels seen in this place.
 G = Mean time per level.
                   A        B        C        D        E       F      G
               +--------+--------+--------+--------+--------+-----+--------+
         Total |   5567 |   5227 |    340 |      0 |   4195 |   6 |  927.8 |
       Dungeon |   5238 |   4898 |    340 |      0 |   3954 |   5 | 1047.6 |
         Sewer |    328 |    328 |      0 |      0 |    240 |   1 |  328.0 |
               +--------+--------+--------+--------+--------+-----+--------+

Top non-repeatable levels by time:
     D:5: 1342 daAuts
     D:4: 1147 daAuts
     D:3: 1089 daAuts
     D:1: 927 daAuts
     D:2: 733 daAuts
   Sewer: 328 daAuts
